Map: Yellowjacket

Players

Ekelpack

  • Race: Zerg Zerg
  • Spawn Location: 3:00

Nyck

  • Race: Terran Terran
  • Spawn Location: 1:00

DonGunDon

  • Race: Terran Terran
  • Spawn Location: 7:00

Kyokyshin

  • Race: Zerg Zerg
  • Spawn Location: 9:00

VOD

Have the link to the VOD?

Description

Time

  • Played on: April 1, 2025, 12:33 p.m.
  • Length: 8:26
Show
View Real Time Build Order
Export as new Build Order

Ekelpack Zerg 

Build Orders: Hatch First 

Get SALT Encoding   

  12  0:00  Drone  
  13  0:12  Overlord  
  13  0:18  Drone  
  14  0:32  Drone x2  
  16  0:36  Drone  
  17  0:56  Drone, Hatchery  
  17  1:00  Extractor  
  17  1:01  Drone  
  17  1:17  Spawning Pool  
  16  1:22  Drone  
  16  1:25  Drone  
  18  1:31  Drone  
  19  1:39  Drone  
  20  1:51  Overlord  
  20  2:03  Overlord  
  20  2:04  Queen  
  22  2:12  Queen  
  24  2:16  Drone  
  24  2:19  Drone  
  24  2:22  Drone  
  27  2:28  Metabolic Boost  
  26  2:49  Drone  
  26  2:50  Drone  
  27  2:58  Zergling x2  
  27  2:59  Zergling x6  
  31  3:06  Baneling Nest  
  31  3:07  Zergling x2  
  31  3:14  Zergling x4  
  31  3:15  Zergling x2  
  31  3:16  Zergling x2  
  33  3:27  Zergling x8  
  22  3:49  Drone x2  
  22  3:55  Lair  
  24  4:02  Drone  
  25  4:09  Drone x2  
  27  4:21  Drone  
  27  4:23  Drone x2  
  27  4:24  Drone  
  31  4:28  Drone  
  31  4:46  Zergling x10  
  31  4:47  Zergling x4  
  38  4:55  Centrifugal Hooks  
  38  4:59  Baneling x5  
  38  5:00  Baneling x2  
  38  5:05  Baneling  
  38  5:09  Drone x2  
  24  5:45  Zergling x2  
  24  5:46  Zergling x12  
  24  5:47  Zergling x4  
  24  6:08  Drone  
  25  6:14  Drone  
  26  6:21  Drone x4  
  30  6:30  Overlord  
  30  6:37  Overlord  
  22  6:52  Drone x2, Queen  
  26  6:58  Drone x2  
  28  7:02  Drone  
  29  7:11  Queen, Extractor  
  29  7:12  Drone  
  31  7:22  Drone  
  32  7:29  Drone, Extractor  
  32  7:35  Drone x2  
  21  7:45  Zergling x6  
  22  8:02  Drone x2  
  22  8:03  Drone x2  
Show
View Real Time Build Order
Export as new Build Order

Nyck Terran 

Build Orders:  

Get SALT Encoding   

  12  0:00  SCV  
  13  0:12  SCV  
  14  0:17  Supply Depot  
  14  0:24  SCV  
  15  0:39  SCV  
  15  0:41  Barracks  
  16  0:51  SCV  
  16  0:55  Refinery  
  17  1:04  Barracks  
  17  1:05  SCV  
  18  1:17  SCV  
  19  1:30  Supply Depot  
  19  1:39  Orbital Command  
  19  1:40  Reaper  
  20  1:53  Barracks Tech Lab  
  20  1:55  Refinery  
  20  2:05  SCV  
  21  2:17  SCV  
  21  2:18  Barracks Reactor  
  21  2:21  Command Center  
  22  2:29  SCV  
  23  2:35  Marine  
  24  2:41  SCV  
  25  2:53  SCV  
  26  3:05  SCV  
  26  3:06  Marine  
  26  3:08  Marine x2  
  26  3:09  Combat Shield  
  29  3:17  SCV  
  30  3:22  Supply Depot  
  30  3:27  Marine  
  30  3:32  Marine x2  
  33  3:38  SCV  
  33  3:40  Orbital Command  
  34  3:48  Marine  
  34  3:50  SCV  
  34  3:54  Marine  
  37  3:56  Marine  
  37  4:01  Barracks  
  38  4:05  Barracks  
  38  4:07  Barracks  
  38  4:08  Engineering Bay  
  38  4:09  Engineering Bay  
  38  4:11  SCV  
  38  4:12  SCV  
  38  4:16  Marine  
  41  4:25  SCV x2  
  41  4:27  Marine  
  44  4:37  SCV x2  
  46  4:38  Marine  
  46  4:40  Marine  
  46  4:44  Stimpack  
  48  4:47  Marine  
  48  4:49  SCV  
  50  5:03  Marine x2  
  50  5:05  Marauder  
  50  5:06  Bunker  
  54  5:17  Marine x3  
  54  5:18  Supply Depot  
  57  5:38  Bunker  
  57  5:46  SCV x2  
  57  5:47  Marine x4  
  57  5:48  Marine  
  57  5:49  Marauder  
  66  5:51  Terran Infantry Weapons Level 1, Terran Infantry Armor Level 1  
  65  6:15  SCV x2, Marine  
  65  6:16  Marine x2  
  70  6:21  Supply Depot  
  70  6:22  Marine x3  
  73  6:28  Factory  
  73  6:35  SCV x2, Refinery  
  73  6:37  Refinery  
  73  6:39  Marine  
  75  6:40  Marine x2  
  75  6:42  Marine x2  
  75  6:43  Marauder  
  82  6:47  SCV  
  82  6:48  SCV  
  84  6:58  Marine  
  84  6:59  Marine  
  86  7:04  Supply Depot, SCV x2, Marine  
  89  7:16  SCV x2  
  89  7:17  Armory  
  89  7:21  Starport  
  91  7:23  Marine x2  
  91  7:24  Marine  
  91  7:25  Marine x3, Starport  
  91  7:28  Supply Depot, SCV x2  
  94  7:44  Marauder  
  96  7:45  Marine x2  
  96  7:46  Marine x3  
  101  7:51  Factory Reactor  
  101  8:03  Marine  
Show
View Real Time Build Order
Export as new Build Order

DonGunDon Terran 

Build Orders: Reaper Expand 

Get SALT Encoding   

  12  0:00  SCV  
  13  0:12  SCV  
  14  0:18  Supply Depot  
  14  0:24  SCV  
  15  0:39  SCV  
  15  0:41  Barracks  
  16  0:43  Refinery  
  16  0:51  SCV  
  17  1:03  SCV  
  18  1:15  SCV  
  19  1:28  Orbital Command, Reaper  
  20  1:39  Command Center  
  20  1:47  Supply Depot  
  20  1:54  SCV  
  21  2:00  Marine  
  22  2:06  SCV  
  23  2:12  Factory  
  23  2:15  Barracks  
  23  2:18  SCV  
  23  2:22  Refinery  
  24  2:23  Barracks Reactor  
  24  2:30  SCV  
  25  2:42  SCV  
  26  2:54  SCV  
  27  2:59  Orbital Command  
  27  3:04  Barracks Tech Lab  
  27  3:06  SCV  
  27  3:10  Starport  
  28  3:15  Marine x2  
  28  3:16  Factory Reactor  
  28  3:18  SCV  
  31  3:26  SCV  
  32  3:28  Supply Depot, Marine  
  32  3:30  SCV  
  32  3:33  Marine x2  
  36  3:35  Stimpack  
  36  3:38  SCV  
  37  3:42  SCV  
  37  3:46  Marine  
  38  3:50  SCV  
  38  3:51  Marine x2  
  38  3:52  Supply Depot  
  41  3:58  SCV  
  41  4:02  SCV  
  43  4:03  Marine  
  43  4:08  Marine, Medivac  
  43  4:09  Marine, Medivac  
  50  4:10  SCV  
  50  4:13  Factory Tech Lab  
  50  4:14  SCV  
  50  4:16  Supply Depot  
  52  4:21  Marine  
  52  4:22  SCV  
  52  4:23  Refinery  
  54  4:26  SCV, Marine x2, Engineering Bay  
  57  4:34  SCV  
  57  4:38  Supply Depot  
  58  4:39  SCV, Marine  
  58  4:44  Marine x2  
  62  4:46  SCV  
  62  4:51  SCV  
  64  4:53  Terran Infantry Weapons Level 1  
  64  4:56  Siege Tank  
  64  4:57  Marine  
  68  5:00  Supply Depot, SCV  
  68  5:02  Marine x2  
  68  5:03  SCV  
  72  5:09  Command Center  
  72  5:12  SCV  
  73  5:15  SCV  
  73  5:16  Refinery  
  69  5:40  Marine x3  
  69  5:41  Siege Tank, Medivac x2  
  78  5:58  Marine x3  
  76  6:13  Siege Tank  
  76  6:16  Marine x3  
  76  6:17  Barracks  
  76  6:18  Medivac  
  84  6:19  Barracks, Medivac  
  84  6:20  Barracks  
  84  6:22  Orbital Command, Supply Depot  
  86  6:33  Marine  
  86  6:35  Marine x2  
  86  6:37  SCV x2  
  91  6:45  Siege Tank  
  94  6:49  SCV x2  
  94  6:51  Orbital Command, Marine  
  94  6:52  Supply Depot  
  94  6:53  Marine  
  99  7:01  SCV x2  
  99  7:03  Marine  
  99  7:07  Barracks Tech Lab x2, Barracks Reactor  
  101  7:08  Medivac  
  101  7:09  Marine  
  101  7:10  Marine, Medivac  
  101  7:13  SCV x2  
  109  7:18  Siege Tank  
  109  7:20  SCV  
  109  7:21  Marine  
  114  7:25  SCV x2  
  114  7:26  Concussive Shells  
  114  7:27  Marine  
  117  7:31  Supply Depot  
  117  7:35  Supply Depot  
  117  7:43  Marine  
  117  7:53  SCV, Marine x6  
  131  8:06  Marine  
Show
View Real Time Build Order
Export as new Build Order

Kyokyshin Zerg 

Build Orders: Pool First 

Get SALT Encoding   

  12  0:01  Drone  
  13  0:15  Overlord  
  13  0:19  Drone  
  14  0:34  Drone x2  
  16  0:39  Extractor  
  15  0:45  Spawning Pool  
  15  0:49  Drone  
  15  0:52  Drone  
  16  0:58  Drone  
  17  1:21  Hatchery  
  16  1:25  Drone  
  16  1:29  Drone  
  18  1:40  Metabolic Boost  
  18  1:45  Overlord  
  18  2:12  Zergling x4  
  18  2:15  Hatchery, Zergling x2  
  20  2:23  Baneling Nest  
  20  2:25  Zergling x2  
  20  2:33  Zergling x2  
  20  2:35  Zergling x2  
  23  2:44  Zergling x2  
  23  2:46  Zergling x2  
  24  2:55  Zergling x2  
  24  2:58  Overlord  
  25  3:10  Overlord  
  25  3:11  Queen  
  27  3:24  Baneling  
  27  3:25  Drone  
  27  3:26  Drone  
  23  3:35  Drone x3  
  23  3:36  Drone  
  23  3:37  Drone  
  27  3:47  Drone  
  27  3:48  Drone  
  27  3:50  Zergling x4  
  27  3:52  Zergling x2  
  30  4:02  Queen  
  32  4:04  Zergling x2  
  33  4:11  Baneling x2  
  33  4:12  Zergling x4  
  33  4:13  Baneling  
  33  4:15  Drone  
  36  4:17  Drone  
  36  4:19  Drone  
  38  4:25  Drone  
  38  4:26  Drone  
  38  4:29  Drone x2  
  38  4:30  Drone  
  43  4:33  Drone  
  43  4:34  Drone  
  45  4:44  Queen  
  44  4:46  Drone x2  
  44  4:48  Drone  
  44  4:49  Drone  
  48  4:54  Extractor  
  48  4:56  Queen  
  48  4:58  Drone  
  50  5:00  Baneling  
  50  5:01  Baneling  
  50  5:03  Drone x2  
  50  5:07  Drone, Extractor x2  
  52  5:09  Drone  
  52  5:11  Drone  
  53  5:16  Overlord  
  53  5:18  Overlord  
  53  5:21  Overlord  
  53  5:23  Drone  
  53  5:24  Drone  
  55  5:29  Overlord  
  55  5:33  Lair  
  55  5:36  Overlord  
  55  5:42  Overlord  
  55  5:44  Overlord  
  55  5:46  Overlord  
  55  5:49  Drone x2  
  57  5:50  Drone  
  57  5:55  Drone x2  
  60  6:03  Drone  
  60  6:04  Drone x2  
  63  6:09  Drone x2  
  63  6:10  Overlord  
  65  6:14  Extractor  
  65  6:15  Overlord, Extractor  
  63  6:26  Baneling x2  
  63  6:32  Spire  
  63  6:33  Drone x3  
  65  6:42  Overlord  
  65  6:43  Drone  
  65  6:44  Baneling x3  
  64  6:53  Drone x3  
  64  6:54  Drone x2  
  69  6:55  Overlord  
  69  7:00  Queen  
  71  7:05  Drone x3  
  71  7:06  Drone x2  
  76  7:11  Extractor  
  76  7:12  Hatchery, Drone x2  
  76  7:13  Overlord  
  76  7:15  Overlord, Extractor  
  75  7:26  Overlord  
  75  7:30  Drone x3  
  75  7:31  Overlord  
  75  7:50  Mutalisk x3  
  75  7:51  Mutalisk x7  
  81  7:53  Mutalisk  
  81  7:57  Mutalisk  
Tags
 
Add a new tag
Caveats
  • Supply blocks, unpowered buildings, or Contaminate may cause inaccurate times.
  • Supply counts are checked every 10 seconds.